 Dungeon Crawl Stone Soup version 0.19-a0-4-ga5c5ac4 (webtiles) character file.

42 namelastname112 the Chiller (level 3, 0/29 HPs)
             Began as a Draconian Ice Elementalist on Apr 28, 2016.
             Slain by Sigmund
             ... wielding a +6 scythe of venom
              (2 damage)
             ... on level 2 of the Dungeon.
             The game lasted 00:02:02 (977 turns).

namelastname112 the Chiller (DrIE)                   Turns: 977, Time: 00:02:02

Health: 0/29       AC:  4    Str: 10    XL:     3   Next: 35%
Magic:  2/7        EV: 12    Int: 21    God:
Gold:   32         SH:  0    Dex: 11    Spells: 1 memorised, 6 levels left

rFire  . . .     SeeInvis .     d - +0 dagger
rCold  . . .     Gourm    .     (armour unavailable)
rNeg   . . .     Faith    .     (no shield)
rPois  .         Spirit   .     (helmet restricted)
rElec  .         Dismiss  .     (no cloak)
rCorr  .         Reflect  .     (no gloves)
SustAt .         Harm     .     i - +0 pair of boots
MR     .....                    (no amulet)
Stlth  +.........               s - ring of loudness (curse)
                                f - -2 ring of protection (curse)

@: brilliant, lethally poisoned (0 -> -32), flying, very slightly contaminated,
not resistant to hostile enchantments, very unstealthy
A: unfitting armour, cold-blooded, AC +5
a: no special abilities


You were on level 2 of the Dungeon.
You were hungry.

You visited 1 branch of the dungeon, and saw 2 of its levels.

You collected 32 gold pieces.

Inventory:

Hand Weapons
 d - a +0 dagger (weapon)
Armour
 i - a +0 pair of boots (worn)
Jewellery
 f - a cursed -2 ring of protection (left hand)
 g - an uncursed ring of protection from magic
 s - a cursed ring of loudness (right hand)
Scrolls
 c - a scroll of immolation {unknown}
 j - a scroll of remove curse {unknown}
 l - a scroll of identify {unknown}
 m - a scroll of fear {unknown}
 n - a scroll of enchant weapon {unknown}
 o - a scroll of enchant armour {unknown}
Potions
 q - a potion of mutation {unknown}
 r - a potion of invisibility {unknown}
Books
 a - a book of Frost

   Spells                             Type                      Level
   a - Freeze                         Ice                          1
   b - Throw Frost                    Conjuration/Ice              2
   c - Ozocubu's Armour               Charms/Ice                   3
   d - Throw Icicle                   Conjuration/Ice              4
   e - Summon Ice Beast               Ice/Summoning                4
Comestibles
 b - a bread ration


   Skills:
 + Level 1.9 Fighting
 + Level 2.1 Dodging
 - Level 1.7 Stealth
 * Level 2.8 Spellcasting
   Level 1.0 Conjurations
 - Level 3.0 Ice Magic


You had 6 spell levels left.
You knew the following spells:

 Your Spells              Type           Power        Failure   Level  Hunger
z - Freeze                Ice            ####         1%          1    None


Dungeon Overview and Level Annotations

Branches:
Dungeon (2/15)

Altars:
Dithmenos

Annotations:
D:2 Sigmund


Innate Abilities, Weirdness & Mutations

Your plain brown scales are hard (AC +5).
Your body does not fit into most forms of armour.
You are cold-blooded and may be slowed by cold attacks.


Message History

You bump into the rock wall.
You feel sick.
You take 2 damage, and have 17/29 hp.
You feel less confused.
You feel sick.
You hear some strange, mumbled words.
A puff of flame appears from out of thin air!
The puff of flame misses you.
You take 1 damage, and have 16/29 hp.
A dart slug comes into view.
You feel sick. Something hits you!
* * * LOW HITPOINT WARNING * * *
You are more poisoned.
Found 21 bolts.
You take 12 damage, and have 4/29 hp.
MASSIVE DAMAGE!!
Drink which item? (? for menu, Esc to quit)
It was a potion of flight.
You feel very buoyant.
You fly up into the air.
* * * LOW HITPOINT WARNING * * *
You feel sick. Something hits you.
You die...

#.#..# #.# #
#.##.###.# #
#.##..##.# #
#######.###.##)# #
........# #..#.# #
........####'#+####
#
........{....)....#
#
..........†.......#
#
.......@.....%....#
...............)..#
.w......####...####
...#####. #...# ..
. #.#.# ( .# #.#.#
.# #.#.# .#


You could see a dart slug.

Vanquished Creatures
  An adder (D:2)
  A worm (D:2)
  A giant gecko (D:2)
  2 giant cockroaches
  8 goblins
  3 hobgoblins (D:2)
  3 kobolds
  5 bats
  A giant newt (D:2)
  3 rats
28 creatures vanquished.

Notes
Turn   | Place    | Note
--------------------------------------------------------------
     0 | D:1      | namelastname112 the Draconian Ice Elementalist began the quest for the Orb.
     0 | D:1      | Reached XP level 1. HP: 14/14 MP: 3/3
   224 | D:1      | Reached XP level 2. HP: 21/22 MP: 1/5
   511 | D:2      | Reached skill level 1 in Fighting
   770 | D:2      | Reached XP level 3. HP: 28/28 MP: 4/7
   801 | D:2      | Found a shadowy altar of Dithmenos.
   960 | D:2      | Noticed Sigmund
   977 | D:2      | Slain by Sigmund

Vault maps used:
D:1:      dpeg_arrival_arbitrary_c
D:2:      lemuel_crystal_altar, uniq_sigmund

Skill      XL: |  1  2 |
---------------+-------+-----
Dodging        | 2 |  2.1
Fighting       | 1 |  1.9
Stealth        | |  1.7
Spellcasting   | |  2.8
Conjurations   | |  1.0
Ice Magic      | |  3.0

Action                   || total
-------------------------++-------
Melee: Dagger            ||    39
       Tailslap          ||     2
 Cast: Freeze            ||    46
  Use: Potion            ||     5
Armor: Skin              ||    22
Dodge: Dodged            ||    58
